 Dungeon Crawl Stone Soup version bcrawl-1.31.4 (webtiles) character file.

Game seed: 8972800453513588049

88195 Morbidden the Ducker (level 3, -2/26 HPs)
             Began as a Demonspawn Archaeologist on June 19, 2021.
             Slain by an orc
             ... wielding a +0 trident
              (3 damage)
             ... on level 2 of the Dungeon.
             The game lasted 00:01:52 (1436 turns).

Morbidden the Ducker (Demonspawn Archaeologist)     Turns: 1436, Time: 00:01:53

Health: -2/26      AC:  6    Str: 12    XL:     3   Next: 0%
Magic:  3/3        EV: 13    Int: 20    God:
Gold:   69         SH:  0    Dex: 11    Spells: 2/2 levels left

rFire    . . .     SeeInvis .     - Claws (5.5)
rCold    . . .     Gourm    .   (no shield)
rNeg     . . .     Faith    .   c - +1 robe
rPois    .         Spirit   .   d - +1 hat
rElec    .         Reflect  .   (no cloak)
rCorr    .         Harm     .   (no gloves)
MR       .....                  o - +1 pair of boots
Stlth    ++........             (no amulet)
HPRegen  0.08/turn              (no ring)
MPRegen  0.08/turn              (no ring)

@: brilliant
A: claws 1, talons 1
a: no special abilities


You were on level 2 of the Dungeon.
You were not hungry.

You visited 1 branch of the dungeon, and saw 2 of its levels.

You collected 69 gold pieces.

Inventory:

Hand Weapons
 b - a +0 blowgun
Missiles
 f - 2 curare-tipped needles
Armour
 c - a +1 robe (worn)
 d - a +1 hat (worn)
 o - a +1 pair of boots (worn)
Scrolls
 g - a scroll of magic mapping
 i - a scroll of identify
 j - a scroll of fear {unknown}
 k - 2 scrolls of teleportation {unknown}
 m - 2 scrolls of remove curse {unknown}
 n - a scroll of enchant weapon {unknown}
Potions
 a - a potion of brilliance
 l - a potion of might {unknown}
Miscellaneous
 h - a dusty tome
Comestibles
 e - 2 rations {!d}
 p - a chunk of flesh


   Skills:
 * Level 1.4 Fighting
   Level 1.0 Maces & Flails
 * Level 3.3 Dodging
 + Level 3.2 Stealth
 * Level 0.1 Unarmed Combat


You had 2 spell levels left.
You didn't know any spells.
Your spell library was empty.

Dungeon Overview and Level Annotations

Branches:
Dungeon (2/12)

Altars:

Annotations:
D:2 Ijyb


Innate Abilities, Weirdness & Mutations

You have sharp fingernails.
You have sharp toenails.


Message History

You barely miss the goblin.
The goblin is moderately wounded.
The goblin barely misses you.
You closely miss the goblin.
The goblin is moderately wounded.
The goblin closely misses you.
The orc hits you from afar with a +0 trident!
* * * LOW HITPOINT WARNING * * *
The orc wizard hits you but does no damage.
You barely miss the goblin.
The goblin is moderately wounded.
The orc wizard hits you but does no damage.
The goblin misses you. The orc barely misses you.
Unknown command.
It was a potion of brilliance.
You feel clever all of a sudden.
The orc wizard gestures wildly while chanting.
The orc wizard blinks!
The goblin misses you.
The orc hits you from afar with a +0 trident.
You die...

#.# #.# # #.###.###.# #
#.........#####
#####........#
##.######.# # #...###
#.# ##(# #.#...###.##
##..o.#######......##.#.
......r@ggggg.........+.
##...o########.#...##.#.
#... #..g.....## #.#
####.##.... # #..g.....
#..##8... #..##....
#.###8g.. #. #....


You could see Ijyb, an orc wizard, an orc, 4 goblins and a rat.

Vanquished Creatures
  A worm (D:2)
  2 dart slugs (D:1)
  A leopard gecko (D:1)
  4 giant cockroaches
  A hobgoblin (D:1)
  A jackal (D:2)
  4 bats (D:1)
  A frilled lizard (D:1)
  4 goblins (D:1)
  A kobold (D:2)
  A rat (D:1)
21 creatures vanquished.

Notes
Turn   | Place    | Note
-------+----------+-------------------------------------------
     0 | D:1      | Morbidden the Demonspawn Archaeologist began the quest for
                  | the Orb.
     0 | D:1      | Reached XP level 1. HP: 15/15 MP: 1/1
    87 | D:1      | Reached skill level 1 in Maces & Flails
   428 | D:1      | Gained mutation: You have sharp toenails. [demonic
                  | ancestry]
   428 | D:1      | Reached XP level 2. HP: 21/21 MP: 2/2
  1396 | D:2      | Gained mutation: You have sharp fingernails. [demonic
                  | ancestry]
  1396 | D:2      | Reached XP level 3. HP: 24/26 MP: 3/3
  1411 | D:2      | Noticed Ijyb
  1434 | D:2      | HP: 1/26 [orc/+0 trident (8)]
  1436 | D:2      | Slain by an orc

Skill      XL: |  1 |
---------------+----+-----
Maces & Flails | 1 |  1.0
Dodging        | 3 |  3.3
Fighting       | |  1.4
Stealth        | |  3.2
Unarmed Combat | |  0.1

Action                   || total
-------------------------++-------
Melee: Whip              ||    28
       Mace              ||     3
       Unarmed           ||   138
 Fire: Blowgun           ||     4
  Use: Potion            ||     1
 Stab: Sleeping          ||     2
  Eat: Chunk             ||     6
Armor: Robe              ||    73
Dodge: Dodged            ||   135
